 Dungeon Crawl Stone Soup version 0.19-a0-353-g6b7ed47 (webtiles) character file.

22964 Chemotherapy the Martial Artist (level 13, -3/103 HPs)
             Began as an Octopode Transmuter on May 29, 2016.
             Was the Champion of Cheibriados.
             Slain by a death yak (12 damage)
             ... on level 3 of the Lair of Beasts on May 30, 2016.
             The game lasted 00:40:14 (13405 turns).

Chemotherapy the Martial Artist (OpTm)             Turns: 13405, Time: 00:40:15

Health: -3/103     AC:  9    Str: 24    XL:     13   Next: 3%
Magic:  16/32      EV: 17    Int: 34    God:    Cheibriados [******]
Gold:   696        SH:  0    Dex: 32    Spells: 6 memorised, 4 levels left

rFire  . . .     SeeInvis .       - Unarmed
rCold  + + +     Gourm    .     (shield currently unavailable)
rNeg   . . .     Faith    .     (helmet currently unavailable)
rPois  +         Spirit   .     y - amulet of regeneration {+regen, !d}
rElec  .         Dismiss  .     e - ring of magical power {MP+9}
rCorr  +         Reflect  .     D - ring of protection from fire {rF+, !d}
SustAt .         Harm     .     F - ring of flight {+Fly, !d}
MR     +....                    z - +3 ring of dexterity
Stlth  +++.......               i - ring of protection from magic {MR+, !d}
                                J - ring of wizardry {Wiz+, !d}
                                R - ring of resist corrosion
                                (no ring)

@: ice-form, very slow, somewhat resistant to hostile enchantments, fairly
stealthy
A: almost no armour, amphibious, 8 rings, (constrict 8), (camouflage 0),
(gelatinous body 0)
a: End Transformation, Bend Time, Temporal Distortion, Slouch, Step From Time,
Renounce Religion, Evoke Flight


You were on level 3 of the Lair of Beasts.
You worshipped Cheibriados.
Cheibriados was exalted by your worship.
You were full.
You were a creature of crystalline ice.
You visited 3 branches of the dungeon, and saw 13 of its levels.
You also visited: Ossuary.

You collected 808 gold pieces.
You spent 112 gold pieces at shops.

Inventory:

Hand Weapons
 E - the +4 mace of the Lumpy Beggars {crush, rC++ Str+3 Int+2}
   (You found it on level 5 of the Dungeon)

   It inflicts extra damage upon your enemies.
   It affects your strength (+3).
   It affects your intelligence (+2).
   It greatly protects you from cold.
Missiles
 a - 128 arrows
 q - 2 tomahawks of dispersal {=f}
 r - 2 throwing nets {=f, !d}
Armour
 K - a +2 hat (melded)
   (You took it off Gastronok on level 9 of the Dungeon)
 L - a +0 buckler
   (You found it on level 2 of the Lair of Beasts)
Jewellery
 e - a ring of magical power (left front paw) {MP+9}
   (You found it on level 1 of the Dungeon)
 i - a ring of protection from magic (on tentacle) {MR+, !d}
   (You found it on level 7 of the Dungeon)
 y - an amulet of regeneration (around neck) {+regen, !d}
   (You found it on level 4 of the Dungeon)
 z - a +3 ring of dexterity (on tentacle)
   (You found it on level 6 of the Dungeon)
 D - a ring of protection from fire (right front paw) {rF+, !d}
   (You found it on level 5 of the Dungeon)
 F - a ring of flight (on tentacle) {+Fly, !d}
   (You found it on level 6 of the Dungeon)
 J - a ring of wizardry (on tentacle) {Wiz+, !d}
   (You found it on level 9 of the Dungeon)
 N - an uncursed ring of ice {rC+, rF-}
   (You took it off Fannar on level 1 of the Lair of Beasts)
 R - a ring of resist corrosion (on tentacle)
   (You found it on level 1 of the Lair of Beasts)
Wands
 j - a wand of paralysis (24/24)
   (You found it on level 9 of the Dungeon)
 w - a wand of disintegration (8/24)
   (You found it on level 1 of the Lair of Beasts)
 H - a wand of slowing (23/48)
   (You found it on level 1 of the Lair of Beasts)
Scrolls
 g - 2 scrolls of amnesia
 k - a scroll of identify
 l - 2 scrolls of teleportation
 t - a scroll of blinking {!r}
 v - 3 scrolls of remove curse
 Q - a scroll of magic mapping {!r}
Potions
 d - 2 potions of lignification {!q}
 m - 4 potions of magic
 n - a potion of resistance
 o - a potion of mutation {!q}
 s - 3 potions of cancellation
 u - 6 potions of curing
 B - a potion of ambrosia
 G - 3 potions of flight
 I - a potion of invisibility
 O - a potion of cure mutation {!q}
Books
 b - a book of Changes
 A - a book of the Sky
   (You found it on level 8 of the Dungeon)
Comestibles
 c - 4 bread rations {@e1}
 f - 6 meat rations {@e2}
 h - 10 chunks of flesh {@w0}
 C - 10 royal jellies
 M - a beef jerky


   Skills:
 + Level 7.2 Fighting
 * Level 6.3 Dodging
 * Level 10.5 Unarmed Combat
 + Level 6.7 Spellcasting
 + Level 2.8 Charms
 * Level 10.2 Transmutations
 + Level 8.3 Ice Magic
 + Level 2.2 Air Magic
 - Level 1.6 Poison Magic
 * Level 7.0 Invocations


You had 4 spell levels left.
You knew the following spells:

 Your Spells              Type           Power        Failure   Level  Hunger
a - Beastly Appendage     Tmut           ######       1%          1    None
b - Ice Form              Ice/Tmut       ######..     1%          4    #......
c - Spider Form           Tmut/Pois      ######....   1%          3    None
d - Deflect Missiles      Chrm/Air       ####......   87%         6    ######.
s - Sticks to Snakes      Tmut           ######..     1%          2    None
x - Blade Hands           Tmut           ######....   1%          5    ####...


Dungeon Overview and Level Annotations

Branches:
Dungeon (9/15)             Temple (1/1) D:7            Lair (3/8) D:9
  Swamp (0/4) Lair:3        Snake (0/4) Lair:3          Orc (0/2) D:9

Altars:
Ashenzari
Cheibriados
Dithmenos
Elyvilon
Fedhas
Gozag
Hepliaklqana
Kikubaaqudgha
Makhleb
Nemelex Xobeh
Okawaru
Pakellas
Qazlal
Ru
Sif Muna
Trog
Ukayaw
Vehumet
Xom
Yredelemnul
Zin
The Shining One

Shops:
D:4 [   D:5 :   D:6 !   D:8 [

Annotations:
D:6 exclusion: door


Innate Abilities, Weirdness & Mutations

You cannot wear most types of armour.
You are amphibious.
You can wear up to eight rings at the same time.
((You can use your tentacles to constrict eight enemies at once.))
((Your skin changes colour to match your surroundings (Stealth+).))
((Your rubbery body absorbs attacks. (AC +1)))


Message History

Your adder bites the death yak but does no damage.
The death yak barely misses your adder. The death yak gores you!
You take 15 damage, and have 58/86 hp.
You now have 24/32 mp.
Unknown command.
Casting: Sticks to Snakes You create 3 snakes!
You now have 128 arrows.
Your adder bites the death yak but does no damage. x3
The death yak gores your adder!!
Your adder dies!
The death yak gores you!
You take 15 damage, and have 43/86 hp.
You now have 22/32 mp.
Casting: Sticks to Snakes You turn into a creature of crystalline ice.
Your +2 hat melds into your body.
The death yak looks more healthy.
Your adder bites the death yak but does no damage. x2
The death yak completely misses you.
You now have 52/103 hp.
You punch the death yak! You freeze the death yak.
Your adder bites the death yak but does no damage.
The death yak gores your adder!
Your adder bites the death yak.
The death yak gores you.
You take 4 damage, and have 48/103 hp.
You hit the death yak. You freeze the death yak. The death yak misses you.
Your adder bites the death yak but does no damage.
Your adder bites the death yak.
Your adder barely misses the death yak.
Your adder completely misses the death yak.
The death yak closely misses you.
You hit the death yak. You freeze the death yak.
Your adder bites the death yak but does no damage.
The death yak misses your adder. The death yak gores you!
Your adder bites the death yak but does no damage. x2
Your adder barely misses the death yak.
You take 11 damage, and have 38/103 hp.
You catch the helpless death yak momentarily off-guard.
You hit the death yak. You freeze the death yak.
Your adder closely misses the death yak.
The death yak gores your adder!
Your adder dies!
Your adder barely misses the death yak.
The death yak gores your adder. The death yak gores you.
Your adder bites the death yak but does no damage.
You barely miss the death yak.
Your adder bites the death yak but does no damage. x2
The death yak gores your adder!
Your adder dies!
Your adder bites the death yak.
The death yak is poisoned.
Your adder poisons the death yak!
The death yak closely misses your adder.
Your adder bites the death yak but does no damage.
The death yak closely misses your adder.
You catch the helpless death yak momentarily off-guard.
You hit the death yak but do no damage.
Your adder bites the death yak.
The death yak looks even sicker.
Your adder poisons the death yak!
Your adder bites the death yak but does no damage.
The death yak gores you.
Your adder bites the death yak.
The death yak gores your adder. The death yak gores your adder!!
Your adder dies!
The death yak bellows!
You take 2 damage, and have 37/103 hp.
You punch the death yak! You freeze the death yak.
Your adder bites the death yak.
The death yak looks even sicker.
Your adder poisons the death yak!
Your adder bites the death yak but does no damage.
The death yak misses you.
You hit the death yak. You freeze the death yak.
Your adder bites the death yak but does no damage.
The death yak misses you. The death yak gores your adder!
Your adder dies!
Your adder bites the death yak.
You hit the death yak. You freeze the death yak.
The death yak barely misses you. The death yak gores you!!
* * * LOW HITPOINT WARNING * * *
The death yak gores your adder!
Your adder dies!
You take 23 damage, and have 15/103 hp.
MASSIVE DAMAGE!!
Drink which item? (? for menu, Esc to quit)
You feel much better. The death yak misses you. The death yak gores you.
You regained 22 hp, and now have 37/103 hp.
You can feel time thicken for a moment.
You kill the death yak!
Cheibriados thoroughly appreciates the change of pace.
Your Invocations skill increases to level 7!
You feel somewhat less full. The death yak gores you!!
* * * LOW HITPOINT WARNING * * *
The death yak gores you!
* * * LOW HITPOINT WARNING * * *
You take 28 damage, and have 9/103 hp.
MASSIVE DAMAGE!!
You now have 15/32 mp.
Drink which item? (? for menu, Esc to quit)
You feel much better. The death yak gores you.
* * * LOW HITPOINT WARNING * * *
The death yak barely misses you. The death yak gores you!
* * * LOW HITPOINT WARNING * * *
Read which item? (? for menu, Esc to quit)
As you read the scroll of fear, it crumbles to dust.
You assume a fearsome visage.
The death yak looks frightened!
The death yak resists with some effort. x2; The death yak gores you!
You die...

..........###.........#
...⌠....#.#'.......##.###
.......##..#........#...#
.⌠...⌠.#...#.......##..##
........#.##.......##.##
...⌠.....##.##.##.##P.#
.........#####.##..##.#
...#..................#
..†...#....#...YYY....#
.......#.⌠......†Y....##
########...#..........P#
# ##.##..........##
...............#
......##P..+#..# . ...#
.........# . ...
.........P# ..
........#..#


You could see 3 death yaks.

Vanquished Creatures
  Gastronok (D:9)
  Fannar (Lair:1)
  A hydra (D:9)
  The ghost of shmeve the Cleaver, a novice DDBe of Trog (Lair:1)
  Erica (D:9)
  A death yak (Lair:3)
  A queen ant (D:9)
  An ugly thing (D:9)
  2 griffons (Lair:2)
  A cyclops (D:9)
  6 elephants
  Maurice (D:9)
  3 black mambas
  5 spiny frogs
  A komodo dragon (Lair:2)
  2 rime drakes (Lair:2)
  A two-headed ogre (D:9)
  3 yaks (Lair:1)
  Sigmund (D:4)
  2 wyverns
  Eustachio (D:4)
  3 hippogriffs
  A hungry ghost (D:8)
  Menkaure (D:7)
  4 nagas (Lair:3)
  2 soldier ants (D:9)
  5 water moccasins
  6 porcupines
  A black bear (D:5)
  2 orc warriors (D:9)
  3 ice beasts
  A necrophage (D:9)
  A wasp (D:9)
  7 ogres
  The ghost of Maelson the Conjurer, an amateur DrCj (D:4)
  3 centaurs
  An elf zombie (Ossuary)
  9 giant frogs
  A scorpion (D:4)
  8 killer bees (D:8)
  4 wights (D:9)
  2 howler monkeys
  3 crimson imps
  2 centaur zombies
  A giant frog zombie (D:5)
  A human zombie (Ossuary)
  5 jellies
  9 hounds
  3 giant frog skeletons
  7 orc priests
  A centaur skeleton (D:9)
  5 iguanas
  13 orc wizards
  24 worker ants
  4 hell rats (Lair:1)
  7 sheep
  A big kobold zombie (Ossuary)
  2 hound zombies (Ossuary)
  A hound skeleton (D:5)
  3 mummies (Ossuary)
  16 gnolls
  A worker ant zombie (D:5)
  13 adders
  46 river rats
  4 shadow imps
  7 oozes
  An adder zombie (Ossuary)
  2 adder skeletons
  4 worms
  A dart slug (D:1)
  7 giant geckos
  50 orcs
  4 giant cockroaches
  4 gnoll zombies
  14 hobgoblins
  13 jackals
  18 kobolds
  4 quokkas
  2 ball pythons
  A ball python skeleton (D:4)
  6 bats
  A giant gecko zombie (D:9)
  2 giant newts
  18 goblins
  4 goblin zombies (Ossuary)
  2 hobgoblin zombies (Ossuary)
  4 jackal zombies (Ossuary)
  2 kobold zombies (Ossuary)
  3 orc zombies (Ossuary)
  A quokka skeleton (D:5)
  4 quokka zombies (Ossuary)
  12 rats
  6 rat zombies
  2 butterflies
474 creatures vanquished.

Vanquished Creatures (collateral kills)
  3 elephants (Lair:2)
3 creatures vanquished.

Vanquished Creatures (others)
  A goblin (D:6)
  9 fungi
10 creatures vanquished.

Grand Total: 487 creatures vanquished

Notes
Turn   | Place    | Note
--------------------------------------------------------------
     0 | D:1      | Chemotherapy the Octopode Transmuter began the quest for the Orb.
     0 | D:1      | Reached XP level 1. HP: 13/13 MP: 3/3
   129 | D:1      | Reached XP level 2. HP: 16/18 MP: 3/5
   572 | D:1      | Reached XP level 3. HP: 20/23 MP: 6/6
   576 | D:1      | Learned a level 2 spell: Sticks to Snakes
   580 | D:1      | Learned a level 3 spell: Spider Form
  1005 | D:2      | Reached XP level 4. HP: 12/28 MP: 7/7
  1563 | D:2      | Found a stormy altar of Qazlal.
  1566 | D:2      | Found a blossoming altar of Fedhas.
  1575 | D:2      | Found a hazy altar of Hepliaklqana.
  1591 | D:2      | Found a deep blue altar of Sif Muna.
  2004 | D:3      | Reached skill level 4 in Unarmed Combat
  2031 | D:3      | Found an oddly glowing altar of Pakellas.
  2152 | D:3      | Reached skill level 2 in Fighting
  2152 | D:3      | Reached skill level 3 in Transmutations
  2152 | D:3      | Reached XP level 5. HP: 33/34 MP: 8/8
  2159 | D:3      | Reached skill level 1 in Poison Magic
  2302 | D:3      | HP: 7/34 [orc wizard/dagger (4)]
  2669 | D:3      | Reached XP level 6. HP: 34/39 MP: 10/10
  2690 | D:3      | Learned a level 4 spell: Ice Form
  3165 | D:4      | Noticed Maelson's ghost (amateur DrCj)
  3172 | D:4      | Killed Maelson's ghost
  3186 | D:4      | Noticed Sigmund
  3246 | D:4      | Killed Sigmund
  3246 | D:4      | Reached skill level 3 in Spellcasting
  3246 | D:4      | Reached skill level 4 in Transmutations
  3246 | D:4      | Reached skill level 1 in Ice Magic
  3246 | D:4      | Reached XP level 7. HP: 39/45 MP: 11/11
  3498 | D:4      | Reached skill level 5 in Unarmed Combat
  3517 | D:4      | Noticed Eustachio
  3529 | D:4      | Killed Eustachio
  3529 | D:4      | Reached skill level 3 in Fighting
  3529 | D:4      | Reached skill level 2 in Ice Magic
  4088 | D:4      | Found a basalt altar of Yredelemnul.
  4181 | D:4      | Found Kewucuats's Antique Armour Shoppe.
  4287 | D:4      | Found a bloodstained altar of Trog.
  4660 | D:5      | Entered Level 5 of the Dungeon
  4666 | D:5      | Reached XP level 8. HP: 48/52 MP: 13/13
  4667 | D:5      | Found a sand-covered staircase.
  4674 | D:5      | Reached skill level 3 in Ice Magic
  4710 | Ossuary  | Entered an ossuary
  4958 | Ossuary  | Reached skill level 5 in Transmutations
  5194 | D:5      | Found Bocin's Book Emporium.
  5286 | D:5      | Reached skill level 6 in Unarmed Combat
  5334 | D:5      | Found a shadowy altar of Dithmenos.
  5437 | D:5      | Reached skill level 4 in Ice Magic
  5446 | D:5      | Reached skill level 4 in Fighting
  5446 | D:5      | Reached skill level 4 in Spellcasting
  5768 | D:5      | Got a fine mace
  5769 | D:5      | Identified the +4 mace of the Lumpy Beggars {crush, rC++ Str+3 Int+2} (You found it on level 5 of the Dungeon)
  5880 | D:5      | Reached XP level 9. HP: 29/58 MP: 15/15
  5936 | D:5      | Learned a level 5 spell: Blade Hands
  6209 | D:6      | Found a shattered altar of Ashenzari.
  6436 | D:6      | Reached skill level 6 in Transmutations
  6519 | D:6      | Reached skill level 5 in Ice Magic
  6731 | D:6      | Reached skill level 7 in Unarmed Combat
  6867 | D:6      | Found Gunenoat's Distillery.
  6875 | D:6      | Bought a potion of heal wounds for 70 gold pieces
  6875 | D:6      | Bought a potion of lignification for 42 gold pieces
  6893 | D:6      | Found a hide-covered altar to Ukayaw.
  7087 | D:7      | Found a staircase to the Ecumenical Temple.
  7106 | Temple   | Entered the Ecumenical Temple
  7143 | Temple   | Became a worshipper of Cheibriados the Contemplative
  7292 | D:7      | Noticed Menkaure
  7303 | D:7      | Killed Menkaure
  7773 | D:7      | Reached skill level 1 in Invocations
  7911 | D:8      | Found Plog's Antique Armour Shoppe.
  8074 | D:8      | Reached skill level 5 in Fighting
  8074 | D:8      | Reached skill level 5 in Spellcasting
  8074 | D:8      | Reached skill level 7 in Transmutations
  8221 | D:8      | Reached XP level 10. HP: 47/66 MP: 17/17
  8222 | D:8      | Reached * piety under Cheibriados
  8232 | D:8      | HP: 18/79 [killer bee (3)]
  8485 | D:8      | Reached skill level 6 in Ice Magic
  8563 | D:8      | Found a deep blue altar of Sif Muna.
  8742 | D:8      | Reached skill level 2 in Invocations
  8838 | D:8      | Reached ** piety under Cheibriados
  8902 | D:9      | Reached skill level 8 in Unarmed Combat
  8960 | D:9      | Noticed a queen ant
  8975 | D:9      | HP: 15/79 [queen ant (10)]
  8981 | D:9      | Noticed a green ugly thing
  8982 | D:9      | Noticed a cyclops
  8987 | D:9      | HP: 18/79 [green ugly thing (11)]
  9329 | D:9      | Reached *** piety under Cheibriados
  9357 | D:9      | Noticed Gastronok
  9393 | D:9      | Killed a cyclops
  9405 | D:9      | Killed Gastronok
  9405 | D:9      | Reached skill level 3 in Dodging
  9405 | D:9      | Reached skill level 8 in Transmutations
  9405 | D:9      | Reached skill level 7 in Ice Magic
  9405 | D:9      | Reached skill level 3 in Invocations
  9405 | D:9      | Reached XP level 11. HP: 28/72 MP: 19/19
  9454 | D:9      | Reached skill level 9 in Unarmed Combat
  9488 | D:9      | Killed a green ugly thing
  9625 | D:9      | Reached skill level 6 in Fighting
  9920 | D:9      | Reached skill level 4 in Invocations
  9933 | D:9      | Killed a queen ant
  9933 | D:9      | Reached **** piety under Cheibriados
 10219 | D:9      | Found a staircase to the Orcish Mines.
 10220 | D:9      | Noticed Maurice
 10231 | D:9      | Reached skill level 4 in Dodging
 10238 | D:9      | Reached ***** piety under Cheibriados
 10255 | D:9      | Killed Maurice
 10296 | D:9      | Found a staircase to the Lair.
 10298 | D:9      | Noticed Erica
 10303 | D:9      | Killed Erica
 10303 | D:9      | Reached skill level 6 in Spellcasting
 10663 | Lair:1   | Entered Level 1 of the Lair of Beasts
 10663 | Lair:1   | Noticed Fannar
 10663 | Lair:1   | Noticed a five-headed hydra
 10676 | D:9      | Killed a five-headed hydra
 10676 | D:9      | Reached skill level 5 in Invocations
 10761 | Lair:1   | Killed Fannar
 10761 | Lair:1   | Reached skill level 9 in Transmutations
 10942 | Lair:1   | Noticed shmeve's ghost (novice DDBe)
 11100 | Lair:1   | Killed shmeve's ghost
 11100 | Lair:1   | Reached XP level 12. HP: 60/80 MP: 21/21
 11150 | Lair:1   | Learned a level 6 spell: Deflect Missiles
 11338 | Lair:1   | Reached skill level 5 in Dodging
 11498 | Lair:2   | Reached skill level 6 in Invocations
 11604 | Lair:2   | Reached ****** piety under Cheibriados
 11746 | Lair:2   | Reached skill level 8 in Ice Magic
 11746 | Lair:2   | Reached skill level 1 in Air Magic
 11858 | Lair:2   | Reached skill level 10 in Unarmed Combat
 11858 | Lair:2   | Reached skill level 1 in Charms
 11861 | Lair:2   | Reached skill level 7 in Fighting
 12071 | Lair:2   | Reached skill level 6 in Dodging
 12659 | Lair:2   | Reached skill level 2 in Charms
 12764 | Lair:3   | Found a staircase to the Snake Pit.
 12842 | Lair:3   | Reached skill level 10 in Transmutations
 12898 | Lair:3   | Found a staircase to the Swamp.
 13127 | Lair:3   | Reached skill level 2 in Air Magic
 13288 | Lair:3   | Reached XP level 13. HP: 74/86 MP: 23/23
 13401 | Lair:3   | HP: 15/103 [death yak (24)]
 13403 | Lair:3   | Reached skill level 7 in Invocations
 13405 | Lair:3   | Slain by a death yak

Vault maps used:
D:1:      dpeg_arrival_simpleton_b, serial_forest, infiniplex_forest_corner_1,
          infiniplex_forest_3_way, infiniplex_forest_straight_5,
          infiniplex_forest_lined_room_3
D:2:      grunt_temple_overflow_cloverleaf, first_bread
D:3:      grunt_pakellas_sulfur
D:4:      lightli_temple_of_fire, lemuel_zombie_altar_yredelemnul, serial_shops,
          kennysheep_little_box, uniq_sigmund, uniq_eustachio
D:5:      lemuel_doored_altar, serial_shops, shop, enter_ossuary_3,
          serial_aquarium, aquarium_bridge_square, aquarium_window_1,
          aquarium_window_3, aquarium_window_1, aquarium_view_2d,
          aquarium_balcony_double_4, nrook_mini_vaults
D:6:      corexii_shantytown, kennysheep_mini_moat, kennysheep_mini,
          serial_shops, nicolae_shop_trees, corexii_shack,
          kennysheep_generic_room_16
D:7:      minmay_temple_entry_butterflies, uniq_menkaure
D:8:      serial_shops, nicolae_shop_trees, hangedman_little_slice_of_home,
          led_sif_pool
D:9:      wad_arrow_thing, erik_orc_3, minmay_another_anthill, uniq_erica,
          uniq_maurice, uniq_gastronok
Temple:   circular_temple_12
Lair:1:   kennysheep_abandoned_house, uniq_fannar
Lair:3:   swamp_mist_pool, minmay_snake_entry_guardpost_small, minmay_holes,
          grunt_megastairs_4
Ossuary:  minmay_ossuary_two_tombs

Skill      XL: |  1  2  3  4  5  6  7  8  9 10 11 12 13 |
---------------+----------------------------------------+-----
Unarmed Combat | 4 5 6 7 8 9 10 | 10.5
Fighting       | 2 3 4 5 6 7 |  7.2
Transmutations | 3 4 5 7 8 9 10 | 10.2
Poison Magic   | 1 |  1.6
Spellcasting   | 3 4 5 6 |  6.7
Ice Magic      | 1 2 4 5 7 8 |  8.3
Invocations    | 1 3 5 6 7 |  7.0
Dodging        | 3 4 6 |  6.3
Air Magic      | 2 |  2.2
Charms         | 2 |  2.8

Action                   |  1- 3 |  4- 6 |  7- 9 | 10-12 | 13-15 || total
-------------------------+-------+-------+-------+-------+-------++-------
Melee: Unarmed           |    63 |   136 |   521 |   552 |     9 ||  1281
       Tentacles         |    14 |    27 |    61 |    34 |       ||   136
       Constrict         |    19 |    30 |    72 |    20 |       ||   141
       Kick              |     5 |    12 |     7 |       |       ||    24
       Punch             |     1 |     5 |    18 |    15 |       ||    39
 Cast: Beastly Appendage |     4 |     8 |     2 |     1 |       ||    15
       Spider Form       |       |     1 |     5 |       |       ||     6
       Ice Form          |       |       |    16 |    41 |     1 ||    58
       Blade Hands       |       |       |       |     4 |       ||     4
       Sticks to Snakes  |       |       |       |     5 |     7 ||    12
Invok: Slouch            |       |       |       |       |     1 ||     1
  Use: Scroll            |     1 |       |    21 |    10 |     1 ||    33
       Potion            |       |     1 |       |     5 |     2 ||     8
 Stab: Sleeping          |     8 |     6 |     6 |    12 |       ||    32
       Distracted        |       |       |       |     3 |     2 ||     5
       Invisible         |       |       |       |     1 |       ||     1
  Eat: Chunk             |       |     8 |    14 |     6 |       ||    28
       Fruit             |       |       |     4 |     3 |       ||     7
       Pizza             |       |       |     2 |     5 |       ||     7
       Beef jerky        |       |       |     1 |       |       ||     1
       Meat ration       |       |       |       |     1 |       ||     1
Armor: Skin              |     5 |    12 |    67 |   123 |       ||   207
Dodge: Dodged            |    21 |    88 |   302 |   337 |     8 ||   756

Vault maps used:
D:1:      dpeg_arrival_simpleton_b, serial_forest, infiniplex_forest_corner_1,
          infiniplex_forest_3_way, infiniplex_forest_straight_5,
          infiniplex_forest_lined_room_3
D:2:      grunt_temple_overflow_cloverleaf, first_bread
D:3:      grunt_pakellas_sulfur
D:4:      lightli_temple_of_fire, lemuel_zombie_altar_yredelemnul, serial_shops,
          kennysheep_little_box, uniq_sigmund, uniq_eustachio
D:5:      lemuel_doored_altar, serial_shops, shop, enter_ossuary_3,
          serial_aquarium, aquarium_bridge_square, aquarium_window_1,
          aquarium_window_3, aquarium_window_1, aquarium_view_2d,
          aquarium_balcony_double_4, nrook_mini_vaults
D:6:      corexii_shantytown, kennysheep_mini_moat, kennysheep_mini,
          serial_shops, nicolae_shop_trees, corexii_shack,
          kennysheep_generic_room_16
D:7:      minmay_temple_entry_butterflies, uniq_menkaure
D:8:      serial_shops, nicolae_shop_trees, hangedman_little_slice_of_home,
          led_sif_pool
D:9:      wad_arrow_thing, erik_orc_3, minmay_another_anthill, uniq_erica,
          uniq_maurice, uniq_gastronok
Temple:   circular_temple_12
Lair:1:   kennysheep_abandoned_house, uniq_fannar
Lair:3:   swamp_mist_pool, minmay_snake_entry_guardpost_small, minmay_holes,
          grunt_megastairs_4
Ossuary:  minmay_ossuary_two_tombs

Table legend:
 A = Turns spent in this place as a percentage of turns spent in the entire game.
 B = Non-inter-level travel turns spent in this place as a percentage of non-inter-level travel turns spent in the entire game.
 C = Inter-level travel turns spent in this place as a percentage of turns spent in this place.
 D = Turns resting spent in this place as a percentage of non-inter-level travel turns spent in this place.
 E = Turns spent auto-exploring this place as a percentage of non-inter-level travel turns spent in this place.
 F = Non-inter-level travel turns spent in this place divided by the number of levels of this place that you've seen.
                   A       B       C       D       E      F
               +-------+-------+-------+-------+-------+----------------------
         Total | 100.0 | 100.0 |   0.3 |   4.6 |   7.9 | 292.4
       Dungeon |  71.1 |  71.1 |   0.3 |   5.2 |   8.9 | 323.6
        Temple |   1.0 |   1.0 |   2.4 |   0.0 |   0.0 |  40.0
          Lair |  21.3 |  21.3 |   0.3 |   3.2 |   7.1 | 291.0
       Ossuary |   6.5 |   6.5 |   0.0 |   3.0 |   1.1 | 268.0
               +-------+-------+-------+-------+-------+----------------------

Table legend:
 A = Kills in this place as a percentage of kills in entire the game.
 B = Kills by you in this place as a percentage of kills by you in the entire game.
 C = Kills by friends in this place as a percentage of kills by friends in the entire game.
 D = Other kills in this place as a percentage of other kills in the entire game.
 E = Experience gained in this place as a percentage of experience gained in the entire game.
 F = Experience gained in this place divided by the number of levels of this place that you have seen.
                   A       B       C       D       E      F
               +-------+-------+-------+-------+-------+----------------------
         Total | 100.0 | 100.0 | 100.0 |  -nan | 100.0 | 2343.3
       Dungeon |  67.8 |  68.2 |   0.0 |  -nan |  47.0 | 1711.6
          Lair |  24.8 |  24.4 | 100.0 |  -nan |  52.0 | 5684.0
       Ossuary |   7.4 |   7.4 |   0.0 |  -nan |   1.1 | 350.0
               +-------+-------+-------+-------+-------+----------------------
